 Dungeon Crawl Stone Soup version 0.22-a0-283-g1871b15 (webtiles) character file.

4758 tidbits the Martial Artist (level 10, -2/76 HPs)
             Began as a Gnoll Transmuter on Mar 19, 2018.
             Was a Priest of Cheibriados.
             Hit by a large rock thrown by a cyclops (31 damage)
             ... on level 9 of the Dungeon.
             The game lasted 00:21:42 (2312 turns).

tidbits the Martial Artist (Gnoll Transmuter)       Turns: 2312, Time: 00:21:43

Health: -2/76      AC:  8    Str: 18    XL:     10   Next: 46%
Magic:  16/21      EV: 17    Int: 26    God:    Cheibriados [***...]
Gold:   284        SH:  0    Dex: 21    Spells: 8/23 levels left

rFire    . . .     SeeInvis .     - Unarmed
rCold    . . .     Gourm    .   (shield currently unavailable)
rNeg     . . .     Faith    .   B - +0 robe
rPois    .         Spirit   .   E - +2 helmet
rElec    .         Reflect  .   C - +2 cloak
rCorr    .         Harm     .   (gloves currently unavailable)
MR       +....                  (no boots)
Stlth    +++.......             (no amulet)
HPRegen  0.22/turn              Y - +1 ring of slaying
MPRegen  0.17/turn              H - ring of protection from magic

@: blade hands (expiring), very slightly contaminated, drained, very slow
A: distributed training, fangs 1, strong nose
a: End Transformation, Bend Time, Temporal Distortion, Renounce Religion


You were on level 9 of the Dungeon.
You worshipped Cheibriados.
Cheibriados was most pleased with you.
You were not hungry.
You had blades for hands.
You visited 1 branch of the dungeon, and saw 9 of its levels.

You collected 284 gold pieces.

Inventory:

Hand Weapons
 d - a +2 dagger of protection (melded)
   (You took it off Robin on level 3 of the Dungeon)
 f - a +0 short sword
 g - a +0 dagger
 l - a +4 quarterstaff of chaos
   (You took it off Crazy Yiuf on level 3 of the Dungeon)
 o - a +0 shortbow
 v - a +3 flail of holy wrath
   (You took it off Edmund on level 4 of the Dungeon)
 A - a +0 longbow
Missiles
 a - 38 arrows
 h - 2 javelins
 m - 30 sling bullets
 p - 5 tomahawks (quivered)
 s - 50 stones
Armour
 B - a +0 robe (worn)
 C - a +2 cloak (worn)
 E - a +2 helmet (worn)
 G - a +0 pair of gloves (melded)
Jewellery
 i - an uncursed ring of loudness
   (You found it on level 5 of the Dungeon)
 n - an uncursed ring of flight
   (You found it on level 7 of the Dungeon)
 u - an uncursed amulet of harm
   (You found it on level 4 of the Dungeon)
 H - a ring of protection from magic (right scythe-like blade)
   (You found it on level 6 of the Dungeon)
 J - the amulet "Sompal" {+Rage rElec Str+2 Int+8 Slay-4}
   (You found it on level 9 of the Dungeon)

   [amulet of rage]

   It affects your strength (+2).
   It affects your intelligence (+8).
   It affects your accuracy and damage with ranged weapons and melee attacks
   (-4).
   It insulates you from electricity.
   It lets you go berserk.
 Y - a +1 ring of slaying (left scythe-like blade)
   (You found it on level 7 of the Dungeon)
Wands
 x - a wand of flame (23)
Scrolls
 b - a scroll of enchant weapon
 j - 3 scrolls of teleportation
 q - 4 scrolls of random uselessness {unknown}
 r - 4 scrolls of remove curse
 t - a scroll of fog {unknown}
 y - a scroll of enchant armour
 D - a scroll of fear {unknown}
 F - a scroll of silence {unknown}
Potions
 e - a potion of degeneration
 k - 3 potions of curing
 z - a potion of lignification
Comestibles
 c - 13 rations


   Skills:
 + Level 5.9(5.1) Fighting
 + Level 5.2(4.4) Short Blades
 + Level 5.2(4.4) Long Blades
 + Level 5.2(4.4) Axes
 + Level 5.2(4.4) Maces & Flails
 + Level 5.2(4.4) Polearms
 + Level 5.2(4.4) Staves
 + Level 5.2(4.4) Slings
 + Level 5.2(4.4) Bows
 + Level 5.2(4.4) Crossbows
 + Level 5.2(4.4) Throwing
 + Level 5.2(4.4) Armour
 + Level 7.0(6.2) Dodging
 + Level 5.2(4.4) Stealth
 + Level 5.2(4.4) Shields
 + Level 8.5(7.6) Unarmed Combat
 + Level 7.3(6.5) Spellcasting
 + Level 4.3(3.5) Conjurations
 + Level 4.3(3.5) Hexes
 + Level 4.3(3.5) Charms
 + Level 4.3(3.5) Summonings
 + Level 4.3(3.5) Necromancy
 + Level 4.3(3.5) Translocations
 + Level 5.8(5.0) Transmutations
 + Level 4.3(3.5) Fire Magic
 + Level 4.3(3.5) Ice Magic
 + Level 4.3(3.5) Air Magic
 + Level 4.3(3.5) Earth Magic
 + Level 4.3(3.5) Poison Magic
 + Level 5.7(4.9) Invocations
 + Level 5.2(4.4) Evocations


You had 8 spell levels left.
You knew the following spells:

 Your Spells              Type           Power        Failure   Level  Hunger
e - Beastly Appendage     Tmut           ####..       14%         1    None
h - Blade Hands           Tmut           ####......   65%         5    #####..
i - Ice Form              Ice/Tmut       ####....     47%         4    ###....
k - Sticks to Snakes      Tmut           ####....     17%         2    None
p - Spider Form           Tmut/Pois      ####......   26%         3    None


Dungeon Overview and Level Annotations

Branches:
Dungeon (9/15)             Temple (0/1) D:7
   Lair: D:8-11         Orc: D:9-12

Altars:
Cheibriados
Gozag
Makhleb
Nemelex Xobeh
Xom

Annotations:
D:4 Ijyb, Menkaure


Innate Abilities, Weirdness & Mutations

Your experience applies equally to all skills.
You have very sharp teeth.
Your uncanny sense of smell can sniff out nearby items.


Message History

You can now warp the flow of time around you.
You slice the killer bee zombie!!
The killer bee zombie is almost destroyed.
You feel sick. The killer bee zombie misses you. x2
You catch the helpless killer bee zombie completely off-guard!
You slice the killer bee zombie!!
You destroy the killer bee zombie!
Cheibriados thoroughly appreciates the change of pace.
An ogre comes into view. It is wielding a giant spiked club.
Items here: ) ? †† a spear; a scroll of remove curse; a worker ant corpse; a gnoll corpse
r - 4 scrolls of remove curse (gained 1)
Butcher a worker ant corpse? [(y)es/(n)o/(a)ll/(q)uit/?]
Butcher a gnoll corpse? [(y)es/(n)o/(a)ll/(q)uit/?]
Okay, then.
You butcher the worker ant corpse.
Your hands revert to their normal proportions.
Your +2 dagger of protection unmelds from your body.
Your +0 pair of gloves unmelds from your body.
Your +2 dagger of protection hums with potential!
You feel sick.
A centaur comes into view.
Things that are here:
a spear; a chunk of flesh; a gnoll corpse Eat a chunk of flesh? (ye/n/q)
You eat the chunk of flesh.
This raw flesh tastes terrible.
Unknown command.
You see here a vampire mosquito corpse.
Casting: Blade Hands (safe; 2% risk of failure)
Confirm with . or Enter, or press ? or * to list all spells.
Your hands turn into razor-sharp scythe blades.
Your +2 dagger of protection melds into your body.
Your +0 pair of gloves melds into your body.
Your +2 dagger of protection goes still.
You hear a shout! x2
Unknown command.
Your transformation is almost over.
You shred the ogre!!!
You kill the ogre!
Cheibriados appreciates the change of pace.
You feel sick.
The centaur wields a shortbow.
The centaur shoots an arrow.
The arrow closely misses you.
Things that are here:
a giant spiked club; a spear; a gnoll corpse The centaur shoots an arrow.
A bullfrog comes into view.
The bullfrog gives a loud, deep croak!
The centaur unwields an uncursed shortbow.
The centaur barely misses you. The bullfrog barely misses you.
The centaur completely misses you.
The bullfrog hits you but does no damage.
Found 2 javelins.
Unknown command.
You slash the centaur!
You kill the centaur!
Cheibriados thoroughly appreciates the change of pace.
The bullfrog barely misses you.
You slice the bullfrog!!
You kill the bullfrog!
Cheibriados appreciates the change of pace.
You feel sick.
Things that are here:
an uncursed shortbow; 9 arrows; a centaur corpse
a - 38 arrows (gained 9)
Your hands revert to their normal proportions.
Your +2 dagger of protection unmelds from your body.
Your +0 pair of gloves unmelds from your body.
Your +2 dagger of protection hums with potential!
You see here a ration.
c - 12 rations (gained 1)
You feel sick.
You are no longer poisoned.
Found 19 stones and a scroll of identify.
You flicker for a moment.
You see here a scroll of identify.
As you read the scroll of identify, it crumbles to dust.
z - a potion of lignification You flicker back into view.
You see here 2 javelins.
h - 2 javelins
Found a ration.
There is an open door here.
You feel a little less mighty now.
You see here a ration.
c - 13 rations (gained 1)
A centaur warrior comes into view.
It is wielding a long sword of electrocution.
Okay, then.
Okay, then.
You feel a little less clever now.
Casting: Blade Hands (quite dangerous; 22% risk of failure)
Confirm with . or Enter, or press ? or * to list all spells.
Your hands turn into razor-sharp scythe blades.
Your +2 dagger of protection melds into your body.
Your +0 pair of gloves melds into your body.
Your +2 dagger of protection goes still.
A cyclops comes into view.
Your transformation is almost over.
The cyclops shouts!
You hear a shout!
The cyclops throws a large rock.
The large rock hits you!!
You die...

# #######'#####...<. #.
..#.......###..... .. ∆ ##
#.#.#......##..... #.
c.#.#.###)....#..... >.∆
.#.#...#.###.#....( # ∆ ∆
C.#....##...#..... #
#.#..)#)....#...<. #
#.#..##....##.....
#.#######@#..#....###.....
.#.........##.....## #..###
#.#####'#########'## #..#
#.#.#.#.#.#.#####(#####..#
#.##.......###..#†#..##..#
#.#....###..##....#..##..#
######.##...#(#.######.#.###..#
.......#..##.##.(†....#....#..#
#####..##.#.#...####.#.#####..#


You could see a cyclops.

Vanquished Creatures
  2 deep elf magi (D:9)
  An orc sorcerer (D:9)
  A hippogriff (D:8)
  3 hogs (D:8)
  A yak (D:8)
  Eustachio (D:5)
  A human (D:8)
  A hungry ghost (D:7)
  A vampire mosquito (D:9)
  Edmund (D:4)
  Duvessa (D:5)
  An eye of draining (D:8)
  3 ice beasts (D:8)
  A sky beast (D:6)
  A black bear (D:6)
  2 ogres
  2 centaurs
  5 big kobolds
  2 bullfrogs (D:9)
  Dowan (D:5)
  A wyvern skeleton (D:9)
  3 crimson imps
  A quasit (D:7)
  2 bullfrog zombies
  Crazy Yiuf (D:3)
  3 jellies
  An orc wizard (D:6)
  A centaur skeleton (D:5)
  An iguana (D:5)
  A worker ant (D:9)
  A killer bee zombie (D:9)
  A worker ant zombie (D:9)
  Robin (D:3)
  4 gnolls
  4 adders
  An ooze (D:7)
  An adder skeleton (D:4)
  2 dart slugs
  6 leopard geckos
  9 orcs
  2 giant cockroaches
  9 goblins
  9 hobgoblins
  8 jackals
  6 kobolds
  A quokka (D:4)
  5 bats
  A quokka skeleton (D:9)
  A quokka zombie (D:5)
  4 rats
123 creatures vanquished.

Vanquished Creatures (collateral kills)
  A leopard gecko (D:4)
1 creature vanquished.

Vanquished Creatures (others)
  9 toadstools (D:7)
9 creatures vanquished.

Grand Total: 133 creatures vanquished

Notes
Turn   | Place    | Note
-------+----------+-------------------------------------------
     0 | D:1      | tidbits the Gnoll Transmuter began the quest for the Orb.
     0 | D:1      | Reached XP level 1. HP: 17/17 MP: 6/6
   113 | D:1      | Reached XP level 2. HP: 23/23 MP: 5/7
   246 | D:2      | Reached XP level 3. HP: 28/28 MP: 7/9
   261 | D:2      | Learned a level 2 spell: Sticks to Snakes
   265 | D:2      | Learned a level 3 spell: Spider Form
   291 | D:3      | Reached skill level 5 in Spellcasting
   317 | D:4      | Noticed Edmund
   324 | D:4      | Noticed Menkaure
   376 | D:3      | Reached skill level 1 in Invocations
   448 | D:3      | Reached skill level 1 in Short Blades
   448 | D:3      | Reached skill level 1 in Long Blades
   448 | D:3      | Reached skill level 1 in Axes
   448 | D:3      | Reached skill level 1 in Maces & Flails
   448 | D:3      | Reached skill level 1 in Polearms
   448 | D:3      | Reached skill level 1 in Staves
   448 | D:3      | Reached skill level 1 in Slings
   448 | D:3      | Reached skill level 1 in Bows
   448 | D:3      | Reached skill level 1 in Crossbows
   448 | D:3      | Reached skill level 1 in Throwing
   448 | D:3      | Reached skill level 1 in Armour
   448 | D:3      | Reached skill level 1 in Stealth
   448 | D:3      | Reached skill level 1 in Shields
   448 | D:3      | Reached skill level 1 in Evocations
   448 | D:3      | Reached XP level 4. HP: 34/34 MP: 7/11
   592 | D:3      | Found a runed door.
   597 | D:3      | Noticed Crazy Yiuf
   603 | D:3      | Killed Crazy Yiuf
   603 | D:3      | Reached skill level 1 in Conjurations
   603 | D:3      | Reached skill level 1 in Hexes
   603 | D:3      | Reached skill level 1 in Charms
   603 | D:3      | Reached skill level 1 in Summonings
   603 | D:3      | Reached skill level 1 in Necromancy
   603 | D:3      | Reached skill level 1 in Translocations
   603 | D:3      | Reached skill level 1 in Fire Magic
   603 | D:3      | Reached skill level 1 in Ice Magic
   603 | D:3      | Reached skill level 1 in Air Magic
   603 | D:3      | Reached skill level 1 in Earth Magic
   603 | D:3      | Reached skill level 1 in Poison Magic
   662 | D:3      | Noticed Robin
   670 | D:3      | Killed Robin
   683 | D:3      | Reached XP level 5. HP: 38/40 MP: 10/12
   782 | D:5      | Entered Level 5 of the Dungeon
   811 | D:7      | Learned a level 4 spell: Ice Form
   861 | D:7      | Found a sparkling altar of Nemelex Xobeh.
   861 | D:7      | Found a snail-covered altar of Cheibriados.
   862 | D:7      | Found an opulent altar of Gozag.
   868 | D:7      | Became a worshipper of Cheibriados the Contemplative
   926 | D:7      | Found a staircase to the Ecumenical Temple.
  1006 | D:7      | Noticed a hungry ghost
  1031 | D:7      | Killed a hungry ghost
  1031 | D:7      | Reached skill level 3 in Fighting
  1031 | D:7      | Reached skill level 4 in Transmutations
  1031 | D:7      | Reached skill level 2 in Invocations
  1031 | D:7      | Reached XP level 6. HP: 37/47 MP: 2/14
  1061 | D:6      | Reached skill level 2 in Short Blades
  1061 | D:6      | Reached skill level 2 in Long Blades
  1061 | D:6      | Reached skill level 2 in Axes
  1061 | D:6      | Reached skill level 2 in Maces & Flails
  1061 | D:6      | Reached skill level 2 in Polearms
  1061 | D:6      | Reached skill level 2 in Staves
  1061 | D:6      | Reached skill level 2 in Slings
  1061 | D:6      | Reached skill level 2 in Bows
  1061 | D:6      | Reached skill level 2 in Crossbows
  1061 | D:6      | Reached skill level 2 in Throwing
  1061 | D:6      | Reached skill level 2 in Armour
  1061 | D:6      | Reached skill level 5 in Dodging
  1061 | D:6      | Reached skill level 2 in Stealth
  1061 | D:6      | Reached skill level 2 in Shields
  1061 | D:6      | Reached skill level 2 in Evocations
  1121 | D:6      | Noticed a black bear
  1125 | D:6      | Reached XP level 7. HP: 35/52 MP: 6/15
  1134 | D:6      | Reached skill level 7 in Unarmed Combat
  1194 | D:6      | Reached skill level 2 in Conjurations
  1194 | D:6      | Reached skill level 2 in Hexes
  1194 | D:6      | Reached skill level 2 in Charms
  1194 | D:6      | Reached skill level 2 in Summonings
  1194 | D:6      | Reached skill level 2 in Necromancy
  1194 | D:6      | Reached skill level 2 in Translocations
  1194 | D:6      | Reached skill level 2 in Fire Magic
  1194 | D:6      | Reached skill level 2 in Ice Magic
  1194 | D:6      | Reached skill level 2 in Air Magic
  1194 | D:6      | Reached skill level 2 in Earth Magic
  1194 | D:6      | Reached skill level 2 in Poison Magic
  1319 | D:5      | Noticed Duvessa
  1319 | D:5      | Noticed Dowan
  1328 | D:5      | Reached skill level 3 in Invocations
  1336 | D:5      | Killed Duvessa
  1336 | D:5      | Reached * piety under Cheibriados
  1336 | D:5      | Reached XP level 8. HP: 15/60 MP: 7/16
  1345 | D:5      | Killed Dowan
  1448 | D:4      | Noticed Ijyb
  1460 | D:4      | Reached skill level 4 in Fighting
  1460 | D:4      | Reached skill level 3 in Short Blades
  1460 | D:4      | Reached skill level 3 in Long Blades
  1460 | D:4      | Reached skill level 3 in Axes
  1460 | D:4      | Reached skill level 3 in Maces & Flails
  1460 | D:4      | Reached skill level 3 in Polearms
  1460 | D:4      | Reached skill level 3 in Staves
  1460 | D:4      | Reached skill level 3 in Slings
  1460 | D:4      | Reached skill level 3 in Bows
  1460 | D:4      | Reached skill level 3 in Crossbows
  1460 | D:4      | Reached skill level 3 in Throwing
  1460 | D:4      | Reached skill level 3 in Armour
  1460 | D:4      | Reached skill level 3 in Stealth
  1460 | D:4      | Reached skill level 3 in Shields
  1460 | D:4      | Reached skill level 3 in Evocations
  1547 | D:4      | Killed Edmund
  1669 | D:5      | Noticed Eustachio
  1694 | D:5      | Killed Eustachio
  1694 | D:5      | Reached skill level 6 in Spellcasting
  1829 | D:8      | Reached skill level 3 in Conjurations
  1829 | D:8      | Reached skill level 3 in Hexes
  1829 | D:8      | Reached skill level 3 in Charms
  1829 | D:8      | Reached skill level 3 in Summonings
  1829 | D:8      | Reached skill level 3 in Necromancy
  1829 | D:8      | Reached skill level 3 in Translocations
  1829 | D:8      | Reached skill level 3 in Fire Magic
  1829 | D:8      | Reached skill level 3 in Ice Magic
  1829 | D:8      | Reached skill level 3 in Air Magic
  1829 | D:8      | Reached skill level 3 in Earth Magic
  1829 | D:8      | Reached skill level 3 in Poison Magic
  1829 | D:8      | Reached skill level 4 in Invocations
  1866 | D:7      | Reached skill level 6 in Dodging
  1866 | D:7      | Reached XP level 9. HP: 66/66 MP: 14/18
  1890 | D:7      | Reached skill level 5 in Transmutations
  1896 | D:7      | Reached ** piety under Cheibriados
  1927 | D:7      | Learned a level 5 spell: Blade Hands
  2011 | D:9      | Found a burning altar of Makhleb.
  2025 | D:9      | Reached skill level 4 in Short Blades
  2025 | D:9      | Reached skill level 4 in Long Blades
  2025 | D:9      | Reached skill level 4 in Axes
  2025 | D:9      | Reached skill level 4 in Maces & Flails
  2025 | D:9      | Reached skill level 4 in Polearms
  2025 | D:9      | Reached skill level 4 in Staves
  2025 | D:9      | Reached skill level 4 in Slings
  2025 | D:9      | Reached skill level 4 in Bows
  2025 | D:9      | Reached skill level 4 in Crossbows
  2025 | D:9      | Reached skill level 4 in Throwing
  2025 | D:9      | Reached skill level 4 in Armour
  2025 | D:9      | Reached skill level 4 in Stealth
  2025 | D:9      | Reached skill level 4 in Shields
  2025 | D:9      | Reached skill level 4 in Evocations
  2031 | D:9      | Noticed a two-headed ogre
  2144 | D:8      | Reached skill level 5 in Fighting
  2155 | D:8      | Reached skill level 8 in Unarmed Combat
  2193 | D:9      | Found a shimmering altar of Xom.
  2198 | D:9      | Noticed a deep elf mage
  2207 | D:9      | Killed a deep elf mage
  2207 | D:9      | Reached skill level 5 in Invocations
  2207 | D:9      | Reached XP level 10. HP: 50/74 MP: 13/20
  2209 | D:9      | Noticed a deep elf mage
  2210 | D:9      | Noticed an orc sorcerer
  2214 | D:9      | Killed an orc sorcerer
  2214 | D:9      | Reached skill level 7 in Spellcasting
  2214 | D:9      | Reached skill level 4 in Conjurations
  2214 | D:9      | Reached skill level 4 in Hexes
  2214 | D:9      | Reached skill level 4 in Charms
  2214 | D:9      | Reached skill level 4 in Summonings
  2214 | D:9      | Reached skill level 4 in Necromancy
  2214 | D:9      | Reached skill level 4 in Translocations
  2214 | D:9      | Reached skill level 4 in Fire Magic
  2214 | D:9      | Reached skill level 4 in Ice Magic
  2214 | D:9      | Reached skill level 4 in Air Magic
  2214 | D:9      | Reached skill level 4 in Earth Magic
  2214 | D:9      | Reached skill level 4 in Poison Magic
  2215 | D:9      | Killed a deep elf mage
  2215 | D:9      | Reached skill level 5 in Short Blades
  2215 | D:9      | Reached skill level 5 in Long Blades
  2215 | D:9      | Reached skill level 5 in Axes
  2215 | D:9      | Reached skill level 5 in Maces & Flails
  2215 | D:9      | Reached skill level 5 in Polearms
  2215 | D:9      | Reached skill level 5 in Staves
  2215 | D:9      | Reached skill level 5 in Slings
  2215 | D:9      | Reached skill level 5 in Bows
  2215 | D:9      | Reached skill level 5 in Crossbows
  2215 | D:9      | Reached skill level 5 in Throwing
  2215 | D:9      | Reached skill level 5 in Armour
  2215 | D:9      | Reached skill level 5 in Stealth
  2215 | D:9      | Reached skill level 5 in Shields
  2215 | D:9      | Reached skill level 5 in Evocations
  2218 | D:9      | Got a scorched crystal amulet
  2220 | D:9      | Identified the amulet "Sompal" {+Rage rElec Str+2 Int+8 Slay-4} (You found it on level 9 of the Dungeon)
  2265 | D:9      | Reached skill level 7 in Dodging
  2268 | D:9      | Reached *** piety under Cheibriados
  2305 | D:9      | Noticed a centaur warrior
  2312 | D:9      | Noticed a cyclops
  2312 | D:9      | Hit by a large rock thrown by a cyclops

Vault maps used:
D:1:      dpeg_arrival_rooms_a
D:2:      serial_forest, infiniplex_forest_clump_long,
          infiniplex_forest_lined_room_2, infiniplex_forest_end_2,
          infiniplex_forest_clump_small, infiniplex_forest_clump_long,
          infiniplex_forest_end_3, infiniplex_forest_clump_C, first_ration
D:3:      chequers_ecumenical_altar_lobes, uniq_robin, uniq_crazy_yiuf_cottage
D:4:      kennysheep_dice, uniq_menkaure, uniq_ijyb, uniq_edmund,
          uniq_blork_the_orc
D:5:      uniq_pikel, uniq_eustachio, uniq_duvessa
D:6:      kennysheep_vampire_church, uniq_prince_ribbit1
D:7:      cheibrodos_fertilizer, gammafunk_temple_overflow_claw,
          minmay_temple_entry_trees
D:8:      grunt_livestock, minmay_misc_feat_roman,
          hangedman_abyss_or_decor_lesser_grid
D:9:      lemuel_doored_altar, lemuel_crystal_altar, erik_lair_orcish_takeover,
          serial_shops, shop, minmay_the_grid_2x2

Skill      XL: |  1  2  3  4  5  6  7  8  9 10 |
---------------+-------------------------------+-----
Spellcasting   | 5 6 7 |  7.3
Invocations    | 1 2 3 4 5 |  5.7
Short Blades   | 1 2 3 4 5 |  5.2
Long Blades    | 1 2 3 4 5 |  5.2
Axes           | 1 2 3 4 5 |  5.2
Maces & Flails | 1 2 3 4 5 |  5.2
Polearms       | 1 2 3 4 5 |  5.2
Staves         | 1 2 3 4 5 |  5.2
Slings         | 1 2 3 4 5 |  5.2
Bows           | 1 2 3 4 5 |  5.2
Crossbows      | 1 2 3 4 5 |  5.2
Throwing       | 1 2 3 4 5 |  5.2
Armour         | 1 2 3 4 5 |  5.2
Stealth        | 1 2 3 4 5 |  5.2
Shields        | 1 2 3 4 5 |  5.2
Evocations     | 1 2 3 4 5 |  5.2
Conjurations   | 1 2 3 4 |  4.3
Hexes          | 1 2 3 4 |  4.3
Charms         | 1 2 3 4 |  4.3
Summonings     | 1 2 3 4 |  4.3
Necromancy     | 1 2 3 4 |  4.3
Translocations | 1 2 3 4 |  4.3
Fire Magic     | 1 2 3 4 |  4.3
Ice Magic      | 1 2 3 4 |  4.3
Air Magic      | 1 2 3 4 |  4.3
Earth Magic    | 1 2 3 4 |  4.3
Poison Magic   | 1 2 3 4 |  4.3
Fighting       | 3 4 5 |  5.9
Transmutations | 4 5 |  5.8
Dodging        | 5 6 7 |  7.0
Unarmed Combat | 7 8 |  8.5

Action                   |  1- 3 |  4- 6 |  7- 9 | 10-12 || total
-------------------------+-------+-------+-------+-------++-------
Melee: Unarmed           |    60 |    80 |   164 |    27 ||   331
       Bite              |     7 |     1 |       |     2 ||    10
       Headbutt          |     4 |       |       |       ||     4
       Kick              |     6 |       |       |       ||     6
       Punch             |     2 |     1 |       |     1 ||     4
       Dagger            |       |     1 |     1 |       ||     2
Throw: Tomahawk          |       |       |     5 |       ||     5
 Cast: Beastly Appendage |    12 |     2 |       |       ||    14
       Spider Form       |     2 |     7 |     4 |       ||    13
       Sticks to Snakes  |     2 |     2 |    10 |       ||    14
       Ice Form          |       |     1 |    10 |     1 ||    12
       Blade Hands       |       |       |     1 |     3 ||     4
  Use: Scroll            |       |     3 |     6 |     2 ||    11
       Potion            |       |       |     3 |     3 ||     6
 Stab: Sleeping          |     3 |     3 |     4 |       ||    10
       Distracted        |       |       |     1 |       ||     1
       Invisible         |       |       |       |     2 ||     2
  Eat: Chunk             |       |     1 |     5 |     1 ||     7
       Ration            |       |     1 |       |       ||     1
Armor: Robe              |    11 |     7 |     1 |     2 ||    21
       Skin              |       |     3 |    27 |     3 ||    33
Dodge: Dodged            |    29 |    43 |   104 |    24 ||   200

Table legend:
 A = Spawn XP
 B = Non-spawn XP
 C = Spawn XP percentage of total XP
 D = Spawn monster count
 E = Non-spawn monster count
 F = Spawn count percentage of total count
 G = Total turns spent on level
                    A         B        C        D         E        F      G
               +---------+---------+-------+---------+---------+-------+---------
         Total |       0 |    6798 |   0.0 |       0 |     124 |   0.0 |  2312
               +---------+---------+-------+---------+---------+-------+---------
           D:1 |       0 |      27 |   0.0 |       0 |      15 |   0.0 |   227
           D:2 |       0 |       9 |   0.0 |       0 |       4 |   0.0 |    57
           D:3 |       0 |     131 |   0.0 |       0 |      23 |   0.0 |   468
           D:4 |       0 |     245 |   0.0 |       0 |       9 |   0.0 |   248
           D:5 |       0 |     602 |   0.0 |       0 |      12 |   0.0 |   358
           D:6 |       0 |     506 |   0.0 |       0 |      10 |   0.0 |   163
           D:7 |       0 |     784 |   0.0 |       0 |      21 |   0.0 |   423
           D:8 |       0 |    1688 |   0.0 |       0 |      12 |   0.0 |   141
           D:9 |       0 |    2806 |   0.0 |       0 |      18 |   0.0 |   227
               +---------+---------+-------+---------+---------+-------+---------

Table legend:
 A = Turns spent in this place as a percentage of turns spent in the entire game.
 B = Non-inter-level travel turns spent in this place as a percentage of non-inter-level travel turns spent in the entire game.
 C = Inter-level travel turns spent in this place as a percentage of turns spent in this place.
 D = Turns resting spent in this place as a percentage of non-inter-level travel turns spent in this place.
 E = Turns spent auto-exploring this place as a percentage of non-inter-level travel turns spent in this place.
 F = Non-inter-level travel turns spent in this place divided by the number of levels of this place that you've seen.
                   A       B       C       D       E      F
               +-------+-------+-------+-------+-------+----------------------
         Total | 100.0 | 100.0 |   1.1 |   0.0 |   0.0 | 254.0
       Dungeon | 100.0 | 100.0 |   1.1 |   0.0 |   0.0 | 254.0
               +-------+-------+-------+-------+-------+----------------------

Table legend:
 A = Kills in this place as a percentage of kills in entire the game.
 B = Kills by you in this place as a percentage of kills by you in the entire game.
 C = Kills by friends in this place as a percentage of kills by friends in the entire game.
 D = Other kills in this place as a percentage of other kills in the entire game.
 E = Experience gained in this place as a percentage of experience gained in the entire game.
 F = Experience gained in this place divided by the number of levels of this place that you have seen.
                   A       B       C       D       E      F
               +-------+-------+-------+-------+-------+----------------------
         Total | 100.0 | 100.0 | 100.0 |   N/A | 100.0 | 755.3
       Dungeon | 100.0 | 100.0 | 100.0 |   N/A | 100.0 | 755.3
               +-------+-------+-------+-------+-------+----------------------

Vault maps used:
D:1:      dpeg_arrival_rooms_a
D:2:      serial_forest, infiniplex_forest_clump_long,
          infiniplex_forest_lined_room_2, infiniplex_forest_end_2,
          infiniplex_forest_clump_small, infiniplex_forest_clump_long,
          infiniplex_forest_end_3, infiniplex_forest_clump_C, first_ration
D:3:      chequers_ecumenical_altar_lobes, uniq_robin, uniq_crazy_yiuf_cottage
D:4:      kennysheep_dice, uniq_menkaure, uniq_ijyb, uniq_edmund,
          uniq_blork_the_orc
D:5:      uniq_pikel, uniq_eustachio, uniq_duvessa
D:6:      kennysheep_vampire_church, uniq_prince_ribbit1
D:7:      cheibrodos_fertilizer, gammafunk_temple_overflow_claw,
          minmay_temple_entry_trees
D:8:      grunt_livestock, minmay_misc_feat_roman,
          hangedman_abyss_or_decor_lesser_grid
D:9:      lemuel_doored_altar, lemuel_crystal_altar, erik_lair_orcish_takeover,
          serial_shops, shop, minmay_the_grid_2x2
